General information
- name: BNet
- type: Ladder team game (AT/RT)
- host: Battle.net
- saver: TheGoddamBatman
map: Cherryville
- players: 8
- length: 86:08
- speed: Fast
- version: 1.26 W3XP
- replay type: Public
» download(314 KB)
Players
team 1 (loser)
MagicalKingdom (
teal | 66 APM | 1099 actions | 16:40)
4 Archmage
2 Blizzard
2 Brilliance Aura
1 Blood Mage
1 Flame Strike
» actions
| Assign group hotkey | 31 | |
| Basic commands | 19 | |
| Build / train | 60 | |
| Enter build submenu | 28 | |
| Enter hero's abilities submenu | 5 | |
| Right click | 500 | |
| Select / deselect | 224 | |
| Select group hotkey | 169 | |
| Use ability | 63 | |
1099 total
» units
| Peasant | 16 | |
| Footman | 5 | |
| Goblin Zeppelin | 1 | |
| Mortar Team | 1 | |
| Siege Engine | 3 | |
| Flying Machine | 12 | |
38 total
» upgrades
| Masonry | 2 | |
| Flak Cannons | 1 | |
| Flying Machine Bombs | 1 | |
4 total
» buildings
| Farm | 13 | |
| Barracks | 1 | |
| Altar of Kings | 1 | |
| Town Hall | 1 | |
| Arcane Vault | 1 | |
| Lumber Mill | 1 | |
| Keep | 1 | |
| Scout Tower | 3 | |
| Blacksmith | 1 | |
| Arcane Tower | 3 | |
| Castle | 2 | |
| Workshop | 5 | |
33 total
» build order
00:21 Farm
00:36 Barracks
00:58 Farm
01:07 Altar of Kings
01:37 Farm
02:41 Farm
04:15 Town Hall
04:25 Arcane Vault
05:02 Lumber Mill
05:22 Keep
05:42 Scout Tower
06:05 Blacksmith
06:22 Arcane Tower
06:22 Arcane Tower
07:50 Castle
08:14 Workshop
08:16 Workshop
08:45 Scout Tower
08:47 Scout Tower
09:00 Farm
09:03 Workshop
09:41 Arcane Tower
10:26 Workshop
10:27 Farm
10:28 Farm
12:08 Farm
12:11 Farm
12:21 Workshop
14:14 Farm
14:15 Farm
14:17 Farm
14:45 Farm
» items
| Scroll of Regeneration | 2 | |
| Scroll of Town Portal | 1 | |
| Potion of Healing | 1 | |
4 total
ELF_DESTROYER. (
purple | 53 APM | 4542 actions | 86:07)
10 Blademaster
3 Wind Walk
3 Critical Strike
1 Bladestorm
3 Mirror Image
8 Shadow Hunter
3 Hex
3 Healing Wave
1 Big Bad Voodoo
1 Serpent Ward
» actions
| Assign group hotkey | 96 | |
| Basic commands | 60 | |
| Build / train | 118 | |
| Enter build submenu | 38 | |
| Enter hero's abilities submenu | 19 | |
| Give item / drop item | 7 | |
| Remove unit from queue | 2 | |
| Right click | 1986 | |
| Select / deselect | 557 | |
| Select group hotkey | 1260 | |
| Use ability | 399 | |
4542 total
» units
| Peon | 15 | |
| Goblin Shredder | 2 | |
| Wind Rider | 7 | |
| Raider | 7 | |
| Troll Batrider | 10 | |
| Demolisher | 4 | |
| Troll Witch Doctor | 1 | |
| Goblin Sapper | 1 | |
| Goblin Zeppelin | 1 | |
48 total
» upgrades
| Reinforced Defenses | 1 | |
| Envenomed Spears | 1 | |
| Ranged Weapons | 2 | |
| Armor | 3 | |
| Ensnare | 1 | |
| Melee Weapons | 2 | |
| Pillage | 1 | |
| Witch Doctor Training | 2 | |
| Burning Oil | 1 | |
14 total
» buildings
| Altar of Storms | 1 | |
| Orc Burrow | 7 | |
| War Mill | 1 | |
| Voodoo Lounge | 2 | |
| Watch Tower | 60 | |
| Stronghold | 2 | |
| Beastiary | 3 | |
| Fortress | 1 | |
| Great Hall | 1 | |
| Barracks | 2 | |
| Spirit Lodge | 1 | |
81 total
» build order
00:07 Altar of Storms
00:21 Orc Burrow
00:40 War Mill
01:05 Voodoo Lounge
01:52 Watch Tower
02:24 Watch Tower
02:25 Watch Tower
03:20 Stronghold
03:43 Watch Tower
03:44 Watch Tower
03:45 Watch Tower
03:46 Watch Tower
03:55 Orc Burrow
03:56 Orc Burrow
05:23 Orc Burrow
05:55 Beastiary
05:59 Beastiary
07:04 Fortress
10:29 Watch Tower
10:29 Watch Tower
10:30 Watch Tower
10:30 Watch Tower
10:30 Watch Tower
10:31 Watch Tower
10:34 Watch Tower
10:35 Watch Tower
10:35 Watch Tower
10:37 Watch Tower
12:31 Watch Tower
12:31 Watch Tower
12:32 Watch Tower
13:26 Great Hall
13:29 Watch Tower
13:38 Watch Tower
13:39 Watch Tower
14:02 Watch Tower
14:03 Watch Tower
14:45 Watch Tower
14:57 Watch Tower
15:03 Watch Tower
15:29 Watch Tower
15:30 Watch Tower
15:31 Watch Tower
15:31 Watch Tower
15:32 Watch Tower
16:33 Watch Tower
16:34 Watch Tower
16:34 Watch Tower
16:36 Watch Tower
16:36 Watch Tower
18:06 Orc Burrow
18:09 Watch Tower
18:09 Watch Tower
18:11 Watch Tower
20:47 Watch Tower
20:48 Watch Tower
20:48 Watch Tower
20:49 Watch Tower
20:49 Watch Tower
20:49 Watch Tower
20:50 Watch Tower
20:51 Watch Tower
21:54 Beastiary
23:32 Watch Tower
23:32 Watch Tower
26:45 Orc Burrow
29:52 Voodoo Lounge
50:07 Orc Burrow
53:35 Barracks
53:40 Barracks
54:05 Watch Tower
54:07 Watch Tower
54:08 Watch Tower
54:55 Watch Tower
54:58 Watch Tower
63:21 Spirit Lodge
» items
| Healing Salve | 8 | |
| Lesser Clarity Potion | 3 | |
| Staff of Teleportation | 1 | |
| Tiny Great Hall | 1 | |
| Scroll of Town Portal | 7 | |
| Orb of Lightning | 2 | |
| Potion of Mana | 3 | |
| Potion of Healing | 2 | |
| Dust of Appearance | 1 | |
| Potion of Lesser Invulnerability | 1 | |
| Scroll of Healing | 1 | |
30 total
robytie (
pink | 36 APM | 538 actions | 14:58)
3 Priestess of the Moon
2 Trueshot Aura
1 Searing Arrows
» actions
| Assign group hotkey | 16 | |
| Basic commands | 5 | |
| Build / train | 41 | |
| Enter build submenu | 16 | |
| Enter hero's abilities submenu | 3 | |
| Remove unit from queue | 1 | |
| Right click | 137 | |
| Select / deselect | 168 | |
| Select group hotkey | 127 | |
| Use ability | 24 | |
538 total
» units
» upgrades
| Strength of the Moon | 2 | |
| Moon Armor | 2 | |
| Improved Bows | 1 | |
| Strength of the Wild | 1 | |
| Reinforced Hides | 1 | |
7 total
» buildings
| Altar of Elders | 1 | |
| Moon Well | 6 | |
| Ancient of War | 2 | |
| Hunter's Hall | 1 | |
| Ancient Protector | 2 | |
| Tree of Ages | 1 | |
| Tree of Eternity | 1 | |
| Ancient of Wind | 2 | |
| Ancient of Wonders | 1 | |
17 total
» build order
00:14 Altar of Elders
00:22 Moon Well
00:46 Ancient of War
01:33 Moon Well
02:16 Hunter's Hall
03:40 Moon Well
04:21 Ancient Protector
04:44 Ancient of War
04:50 Tree of Ages
07:19 Moon Well
09:42 Moon Well
09:46 Moon Well
10:08 Tree of Eternity
10:13 Ancient of Wind
10:17 Ancient of Wind
12:15 Ancient Protector
12:37 Ancient of Wonders

»
Bigmamma (
blue | 36 APM | 426 actions | 11:44)
2 Tauren Chieftain
1 War Stomp
1 Endurance Aura
2 Shadow Hunter
1 Healing Wave
1 Serpent Ward
» actions
| Basic commands | 5 | |
| Build / train | 33 | |
| Enter build submenu | 18 | |
| Enter hero's abilities submenu | 4 | |
| Remove unit from queue | 3 | |
| Right click | 139 | |
| Select / deselect | 189 | |
| Use ability | 35 | |
426 total
» units
» upgrades
| Spiked Barricades | 1 | |
| Melee Weapons | 1 | |
2 total
» buildings
| Orc Burrow | 4 | |
| Altar of Storms | 1 | |
| Barracks | 1 | |
| War Mill | 1 | |
| Voodoo Lounge | 2 | |
| Watch Tower | 5 | |
| Stronghold | 1 | |
| Beastiary | 2 | |
| Fortress | 1 | |
18 total
» build order
00:19 Orc Burrow
00:25 Altar of Storms
01:15 Orc Burrow
01:34 Barracks
02:27 War Mill
02:44 Voodoo Lounge
04:29 Voodoo Lounge
04:35 Watch Tower
04:42 Stronghold
05:46 Watch Tower
06:21 Watch Tower
06:30 Orc Burrow
06:57 Watch Tower
07:17 Beastiary
08:08 Beastiary
08:12 Watch Tower
09:22 Orc Burrow
09:35 Fortress
» items
| Healing Salve | 1 | |
| Scroll of Speed | 1 | |
| Lesser Clarity Potion | 1 | |
3 total
team 2 (winner)

»
ThugMaSteR (
red | 37 APM | 3205 actions | 86:07)
5 Blademaster
2 Wind Walk
3 Critical Strike
4 Shadow Hunter
2 Hex
2 Healing Wave
4 Far Seer
2 Feral Spirit
2 Chain Lighting
2 Paladin
1 Divine Shield
1 Holy Light
1 Mountain King
1 Storm Bolt
» actions
| Assign group hotkey | 43 | |
| Build / train | 92 | |
| Enter build submenu | 20 | |
| Enter hero's abilities submenu | 16 | |
| Give item / drop item | 3 | |
| Right click | 1732 | |
| Select / deselect | 657 | |
| Select group hotkey | 491 | |
| Use ability | 151 | |
3205 total
» units
| Peon | 12 | |
| Shaman | 4 | |
| Troll Witch Doctor | 5 | |
| Tauren | 3 | |
| Kodo Beast | 1 | |
| Troll Batrider | 5 | |
| Flying Machine | 9 | |
| Mortar Team | 1 | |
| Rifleman | 2 | |
42 total
» upgrades
| Melee Weapons | 3 | |
| Armor | 2 | |
| Shaman Training | 2 | |
| Witch Doctor Training | 2 | |
| Pulverize | 1 | |
| Reinforced Defenses | 1 | |
| Ranged Weapons | 1 | |
| Flak Cannons | 1 | |
| Masonry | 2 | |
| Fragmentation Shards | 1 | |
| Flare | 1 | |
17 total
» buildings
| Altar of Storms | 1 | |
| Orc Burrow | 6 | |
| Voodoo Lounge | 1 | |
| War Mill | 1 | |
| Stronghold | 1 | |
| Watch Tower | 1 | |
| Spirit Lodge | 2 | |
| Fortress | 1 | |
| Tauren Totem | 2 | |
| Beastiary | 2 | |
| Gryphon Aviary | 2 | |
| Town Hall | 1 | |
| Keep | 1 | |
| Castle | 1 | |
23 total
» build order
00:12 Altar of Storms
00:17 Orc Burrow
01:17 Orc Burrow
01:27 Voodoo Lounge
01:41 War Mill
03:03 Stronghold
03:08 Watch Tower
03:40 Orc Burrow
03:43 Orc Burrow
05:43 Spirit Lodge
06:07 Spirit Lodge
06:15 Fortress
06:54 Orc Burrow
08:58 Tauren Totem
09:37 Tauren Totem
14:50 Orc Burrow
20:27 Beastiary
20:30 Beastiary
27:48 Gryphon Aviary
27:50 Gryphon Aviary
29:58 Town Hall
31:44 Keep
34:32 Castle
» items
| Healing Salve | 3 | |
| Lesser Clarity Potion | 3 | |
| Scroll of Speed | 1 | |
| Boots of Speed | 1 | |
| Orb of Lightning | 1 | |
| Potion of Lesser Invulnerability | 1 | |
10 total
TheGoddamBatman (
yellow | 35 APM | 3049 actions | 86:08)
9 Archmage
3 Summon Water Elemental
3 Brilliance Aura
1 Mass Teleport
2 Blizzard
» actions
| Assign group hotkey | 19 | |
| Basic commands | 238 | |
| Build / train | 106 | |
| Enter build submenu | 93 | |
| Enter hero's abilities submenu | 10 | |
| Give item / drop item | 18 | |
| Remove unit from queue | 1 | |
| Right click | 1110 | |
| Select / deselect | 545 | |
| Select group hotkey | 711 | |
| Use ability | 198 | |
3049 total
» units
| Peasant | 13 | |
| Footman | 5 | |
| Goblin Shredder | 1 | |
| Gryphon Rider | 9 | |
| Goblin Zeppelin | 2 | |
| Goblin Sapper | 11 | |
| Dragonhawk Rider | 7 | |
48 total
» upgrades
| Swords | 3 | |
| Armor | 4 | |
| Animal War Training | 1 | |
| Storm Hammers | 1 | |
| Masonry | 3 | |
| Cloud | 1 | |
| Magic Sentry | 1 | |
14 total
» buildings
| Altar of Kings | 1 | |
| Barracks | 1 | |
| Farm | 20 | |
| Keep | 1 | |
| Lumber Mill | 1 | |
| Arcane Vault | 3 | |
| Town Hall | 9 | |
| Scout Tower | 59 | |
| Castle | 1 | |
| Gryphon Aviary | 6 | |
| Blacksmith | 2 | |
| Guard Tower | 17 | |
| Arcane Sanctum | 1 | |
122 total
» build order
00:37 Altar of Kings
00:39 Barracks
00:54 Farm
00:55 Farm
01:06 Farm
01:38 Farm
02:07 Farm
03:39 Keep
03:50 Lumber Mill
03:52 Arcane Vault
04:18 Town Hall
05:35 Scout Tower
05:36 Scout Tower
05:38 Scout Tower
05:40 Scout Tower
06:07 Castle
06:55 Gryphon Aviary
06:56 Gryphon Aviary
06:58 Gryphon Aviary
07:02 Gryphon Aviary
07:28 Blacksmith
07:31 Blacksmith
08:24 Guard Tower
08:26 Scout Tower
08:28 Scout Tower
08:31 Scout Tower
08:55 Farm
10:06 Scout Tower
10:06 Scout Tower
10:09 Scout Tower
10:12 Scout Tower
10:15 Scout Tower
10:18 Scout Tower
10:35 Guard Tower
10:36 Guard Tower
10:42 Guard Tower
12:24 Guard Tower
14:23 Town Hall
14:26 Scout Tower
14:26 Scout Tower
14:27 Scout Tower
14:27 Scout Tower
14:29 Scout Tower
14:30 Scout Tower
14:30 Scout Tower
14:31 Scout Tower
14:35 Arcane Vault
14:40 Arcane Vault
15:28 Guard Tower
15:32 Guard Tower
17:08 Town Hall
17:13 Scout Tower
17:13 Scout Tower
17:14 Scout Tower
17:14 Scout Tower
17:16 Scout Tower
17:16 Scout Tower
17:17 Scout Tower
17:17 Scout Tower
17:20 Scout Tower
18:21 Gryphon Aviary
18:23 Gryphon Aviary
18:31 Guard Tower
18:33 Guard Tower
18:56 Farm
18:58 Farm
19:01 Farm
19:03 Farm
19:05 Guard Tower
19:28 Guard Tower
33:04 Town Hall
33:06 Scout Tower
33:07 Scout Tower
33:08 Scout Tower
33:09 Scout Tower
33:12 Scout Tower
33:13 Scout Tower
33:14 Scout Tower
33:15 Scout Tower
33:16 Scout Tower
38:21 Guard Tower
41:51 Town Hall
41:55 Scout Tower
41:57 Scout Tower
41:58 Scout Tower
41:59 Scout Tower
42:01 Scout Tower
42:02 Scout Tower
42:03 Scout Tower
42:03 Scout Tower
43:55 Guard Tower
45:07 Town Hall
45:09 Scout Tower
45:10 Scout Tower
45:11 Scout Tower
45:12 Scout Tower
45:31 Scout Tower
45:32 Scout Tower
45:33 Scout Tower
45:33 Scout Tower
45:44 Guard Tower
45:59 Guard Tower
46:29 Guard Tower
48:43 Town Hall
48:48 Scout Tower
48:50 Scout Tower
48:51 Scout Tower
48:52 Scout Tower
49:27 Guard Tower
59:41 Arcane Sanctum
62:23 Town Hall
65:03 Town Hall
69:46 Farm
69:49 Farm
69:49 Farm
69:50 Farm
69:53 Farm
69:54 Farm
69:59 Farm
69:59 Farm
70:00 Farm
70:02 Farm
» items
| Scroll of Regeneration | 3 | |
| Periapt of Vitality | 3 | |
| Staff of Teleportation | 1 | |
| Potion of Lesser Invulnerability | 2 | |
| Mechanical Critter | 2 | |
| Potion of Healing | 2 | |
13 total
dontbmadgetglad (
orange | 60 APM | 681 actions | 11:19)
3 Mountain King
2 Storm Bolt
1 Bash
1 Paladin
1 Holy Light
» actions
| Assign group hotkey | 7 | |
| Build / train | 51 | |
| Enter build submenu | 14 | |
| Enter hero's abilities submenu | 4 | |
| Right click | 375 | |
| Select / deselect | 138 | |
| Select group hotkey | 61 | |
| Use ability | 31 | |
681 total
» units
| Peasant | 16 | |
| Footman | 6 | |
| Rifleman | 16 | |
38 total
» upgrades
| Lumber Harvesting | 1 | |
| Gunpowder | 2 | |
| Armor | 1 | |
| Long Rifles | 1 | |
5 total
» buildings
| Farm | 5 | |
| Altar of Kings | 1 | |
| Barracks | 2 | |
| Town Hall | 1 | |
| Keep | 1 | |
| Blacksmith | 1 | |
| Lumber Mill | 1 | |
| Castle | 1 | |
| Arcane Vault | 1 | |
14 total
» build order
00:22 Farm
00:36 Altar of Kings
00:51 Barracks
01:02 Farm
01:34 Farm
02:00 Farm
02:51 Farm
03:36 Town Hall
04:12 Keep
04:38 Blacksmith
05:07 Lumber Mill
06:35 Castle
09:07 Arcane Vault
10:23 Barracks

»
TeamPlayer (
green | 17 APM | 1474 actions | 86:07)
4 Death Knight
2 Death Coil
2 Unholy Aura
3 Lich
2 Frost Nova
1 Frost Armor
1 Mountain King
1 Bash
1 Paladin
1 Holy Light
» actions
| Assign group hotkey | 26 | |
| Basic commands | 31 | |
| Build / train | 120 | |
| ESC pressed | 1 | |
| Enter build submenu | 27 | |
| Enter hero's abilities submenu | 10 | |
| Give item / drop item | 1 | |
| Right click | 550 | |
| Select / deselect | 451 | |
| Select group hotkey | 148 | |
| Use ability | 109 | |
1474 total
» units
| Acolyte | 18 | |
| Ghoul | 4 | |
| Crypt Fiend | 9 | |
| Gargoyle | 21 | |
| Peasant | 14 | |
| Siege Engine | 14 | |
| Mortar Team | 5 | |
85 total
» upgrades
| Creature Attack | 3 | |
| Creature Carapace | 3 | |
| Web | 1 | |
| Burrow | 1 | |
| Lumber Harvesting | 1 | |
| Gunpowder | 1 | |
| Armor | 1 | |
| Barrage | 1 | |
12 total
» buildings
| Graveyard | 1 | |
| Crypt | 2 | |
| Altar of Darkness | 1 | |
| Ziggurat | 31 | |
| Tomb of Relics | 1 | |
| Nerubian Tower | 1 | |
| Halls of the Dead | 1 | |
| Spirit Tower | 3 | |
| Necropolis | 1 | |
| Black Citadel | 1 | |
| Workshop | 4 | |
| Farm | 10 | |
| Sacrificial Pit | 1 | |
58 total
» build order
00:55 Graveyard
01:03 Crypt
01:09 Altar of Darkness
01:13 Ziggurat
01:20 Tomb of Relics
01:56 Ziggurat
02:40 Crypt
02:52 Nerubian Tower
04:20 Ziggurat
04:25 Ziggurat
07:27 Halls of the Dead
09:06 Spirit Tower
10:58 Necropolis
12:17 Ziggurat
12:19 Ziggurat
13:49 Spirit Tower
16:35 Black Citadel
16:58 Ziggurat
16:59 Ziggurat
17:01 Ziggurat
17:02 Ziggurat
17:08 Ziggurat
17:09 Ziggurat
17:10 Ziggurat
17:11 Ziggurat
17:11 Ziggurat
18:00 Workshop
18:20 Farm
18:21 Farm
18:23 Farm
18:24 Farm
18:26 Farm
18:29 Farm
18:48 Workshop
19:09 Workshop
19:31 Workshop
21:00 Farm
21:01 Farm
21:02 Farm
21:03 Farm
41:30 Ziggurat
41:32 Ziggurat
41:33 Ziggurat
41:34 Ziggurat
41:36 Ziggurat
41:39 Ziggurat
41:41 Ziggurat
41:45 Ziggurat
41:47 Ziggurat
43:25 Spirit Tower
43:35 Sacrificial Pit
45:01 Ziggurat
45:02 Ziggurat
45:02 Ziggurat
45:04 Ziggurat
45:04 Ziggurat
45:05 Ziggurat
55:49 Ziggurat
» items
| Dust of Appearance | 1 | |
| Rod of Necromancy | 1 | |
| Circlet of Nobility | 1 | |
| Scroll of Town Portal | 2 | |
5 total
Chat log
(00:13 / All) Bigmamma: pop a bottle nigga wild out
(00:18 / All) TheGoddamBatman: Alex Smith is a great QB. The 49ers would have won the SB last year if they stuck with him.
(00:27 / All) dontbmadgetglad: real shit niga
(00:28 / All) TheGoddamBatman: Would be repeat champs if not for their idiot kick returner
(04:05 / All) ThugMaSteR: rofl
(04:23 / All) Bigmamma: hahaha i didnt have mu\ch oiptions
(04:27 / Allies) TheGoddamBatman: Gold?
(04:32 / All) ThugMaSteR: yeah i noticed
(05:54 / Allies) ThugMaSteR: wtf
(05:59 / Allies) ThugMaSteR: bs
(06:22 / Allies) ThugMaSteR: fuckn hero froze twice
(07:06 / Allies) dontbmadgetglad: tech
(08:33 / Allies) TeamPlayer: mo shit
(08:43 / Allies) TeamPlayer: now u see why i was pingin
(08:46 / Allies) TeamPlayer: 1
(08:54 / Allies) dontbmadgetglad: i didnt notice lol
(12:20 / All) ThugMaSteR: GG
(13:04 / Allies) TheGoddamBatman: who take orange?
(13:10 / Allies) ThugMaSteR: no need
(13:14 / Allies) TeamPlayer: i will
(13:20 / Allies) ThugMaSteR: pinks dead too
(13:23 / All) ThugMaSteR: 3v2
(15:33 / All) ThugMaSteR: GGG
(16:11 / All) TeamPlayer: go fuk urself teal
(16:16 / All) TheGoddamBatman: wow tped right on me lol
(16:26 / All) MagicalKingdom: cant win 1v4
(16:37 / All) TheGoddamBatman: maybe you should get real units
(16:39 / All) MagicalKingdom: purple is horrible or afk i cant tell
(16:43 / All) TeamPlayer: leave bitch
(16:54 / All) ELF_DESTROYER.: he was pissed
(19:23 / All) ThugMaSteR: gtfo
(19:24 / All) ThugMaSteR: nub
(19:28 / All) ELF_DESTROYER.: no u
(19:48 / All) ELF_DESTROYER.: nice micro lol
(19:55 / All) ThugMaSteR: leav nub
(19:59 / All) ThugMaSteR: ur shit
(20:04 / All) ELF_DESTROYER.: y leave im gonna win
(20:18 / All) ThugMaSteR: fuckn nub
(21:06 / All) ELF_DESTROYER.: pretty sure
(21:17 / All) ELF_DESTROYER.: yellow carried u
(21:20 / All) ThugMaSteR: leav hacker
(21:22 / All) ThugMaSteR: ur shit
(21:38 / All) ThugMaSteR: im not even tryn asshole
(21:38 / All) ELF_DESTROYER.: really? if im shit, what does that make u? I only got ur heroes like 10 times so far
(21:41 / All) ThugMaSteR: games been over
(21:46 / All) ThugMaSteR: i raped blu and pink
(21:50 / All) ThugMaSteR: watch replay nub
(21:59 / All) ThugMaSteR: ur weak as fuck nigga
(22:02 / All) ELF_DESTROYER.: yellow raped them not u scrub
(22:04 / All) ThugMaSteR: wit obs?
(22:12 / All) ThugMaSteR: i rape u and ur zmap
(22:13 / All) ELF_DESTROYER.: im 1v1ing u righ tnow
(22:18 / All) ThugMaSteR: so all can see
(22:59 / All) ELF_DESTROYER.: ive faced u
(23:07 / All) ELF_DESTROYER.: every battle i faced u i raped ur heros
(23:11 / All) ThugMaSteR: stfu nub
(23:17 / All) ELF_DESTROYER.: i made u waste resources on taven rez
(23:20 / All) ThugMaSteR: waste of our time
(24:05 / All) ELF_DESTROYER.: gorr grimwolf is gonna die again
(24:38 / All) ELF_DESTROYER.: ur so good
(24:50 / All) ThugMaSteR: ur a hackn nub
(25:13 / All) ELF_DESTROYER.: so u are absolutely terrible at wc3 so that is proof i hack?
(25:21 / All) ThugMaSteR: u zmap cunt
(25:24 / All) ThugMaSteR: now leav
(25:34 / Allies) TeamPlayer: who d f uq is taking oj
(25:42 / Allies) ThugMaSteR: me
(25:43 / Allies) ThugMaSteR: nubs
(25:48 / Allies) ThugMaSteR: fuckn tankls
(25:51 / Allies) ThugMaSteR: u nub
(25:53 / Allies) ThugMaSteR: choppers
(26:11 / Allies) ThugMaSteR: wow
(26:23 / Allies) TeamPlayer: kill his base and dont fight his units
(26:40 / Allies) ThugMaSteR: wtf
(26:46 / Allies) ThugMaSteR: tanks in
(27:06 / Allies) TeamPlayer: dude
(27:10 / Allies) TeamPlayer: leave oj alone
(27:12 / All) ELF_DESTROYER.: good bye greens army
(27:15 / Allies) TeamPlayer: u didnt want him
(27:53 / Allies) TeamPlayer: red
(27:58 / Allies) TeamPlayer: leave oj
(28:18 / Allies) ThugMaSteR: u fuckn nub
(28:19 / Allies) ThugMaSteR: leav
(28:26 / Allies) ThugMaSteR: hes hackn
(28:27 / Allies) ThugMaSteR: u cunt
(28:30 / Allies) ThugMaSteR: 11
(28:39 / Allies) ThugMaSteR: u dont kno wtf units to get wit oj
(29:01 / All) ELF_DESTROYER.: well
(29:02 / Allies) ThugMaSteR: sse
(29:03 / Allies) ThugMaSteR: nub
(29:09 / All) ELF_DESTROYER.: that is ur only "win" of this match
(29:12 / All) ELF_DESTROYER.: cuz now ill get serious
(29:16 / All) ThugMaSteR: dumb fuck
(29:26 / All) ELF_DESTROYER.: lets call it a "moral" victory
(30:02 / Allies) ThugMaSteR: wtf
(30:08 / Allies) ThugMaSteR: who did that
(30:15 / Allies) ThugMaSteR: both of u leav
(30:16 / Allies) ThugMaSteR: ffs
(30:28 / Allies) ThugMaSteR: yellow
(30:29 / All) TheGoddamBatman: Red's the worst one here and telling us to leave
(30:33 / Allies) ThugMaSteR: get hawks
(30:34 / All) ThugMaSteR: wow
(30:35 / All) TheGoddamBatman: green had orange and he wasted our shit
(30:39 / All) ThugMaSteR: 2 morons
(30:43 / All) ThugMaSteR: u might win
(30:47 / All) ThugMaSteR: they both suck
(30:56 / Allies) TheGoddamBatman: leave red so me and green can win
(31:14 / All) ThugMaSteR: u dont even hav right units tard
(31:19 / Allies) TeamPlayer: give oj ur wood red
(31:20 / Allies) TheGoddamBatman: Leave ya dumb nigger
(32:12 / Allies) ThugMaSteR: u leav douchebag
(32:19 / Allies) ThugMaSteR: fuckn nubs
(32:25 / Allies) ThugMaSteR: i carried both of u tards
(32:30 / Allies) TheGoddamBatman: LOL
(32:46 / Allies) TeamPlayer: LAWL
(32:49 / Allies) TheGoddamBatman: Classic example of a narcissist
(32:57 / Allies) TheGoddamBatman: You overrate yourself
(33:02 / Allies) ThugMaSteR: watch replay
(33:06 / Allies) ThugMaSteR: its all ther
(33:23 / Allies) TheGoddamBatman: Don't need to I observed you
(33:26 / Allies) TheGoddamBatman: you were just a meat shield
(33:35 / All) ELF_DESTROYER.: wehre ur base bro
(33:36 / Allies) ThugMaSteR: ur a fuckn nub
(34:02 / All) TheGoddamBatman: Red is such a pro, expanding is for nubs
(35:38 / All) ELF_DESTROYER.: yellow did carry u guys
(35:41 / All) ELF_DESTROYER.: u should thank him
(35:45 / All) ThugMaSteR: stfu
(35:49 / All) ELF_DESTROYER.: wut
(35:58 / All) ThugMaSteR: u heard cunt
(36:02 / All) ThugMaSteR: zmapper
(36:06 / All) ThugMaSteR: total nub shit
(36:11 / All) ELF_DESTROYER.: no u
(37:03 / Allies) ThugMaSteR: finally
(37:16 / All) ELF_DESTROYER.: u guys are delaying the inevitable
(37:55 / Allies) TheGoddamBatman: You handle it
(37:55 / All) ELF_DESTROYER.: lol
(37:57 / Allies) TheGoddamBatman: All bark no bite
(38:04 / Allies) ThugMaSteR: pussy
(38:04 / All) TheGoddamBatman: We call red "all bark" here
(38:07 / All) TheGoddamBatman: Cuz he's all bark no bite
(38:23 / All) ELF_DESTROYER.: he def noob
(38:25 / All) ThugMaSteR: yellow and green both nub like u purpl
(38:33 / All) ThugMaSteR: oo?
(38:38 / All) TheGoddamBatman: Red's so good he think he doesn't even need an expansion
(38:40 / All) ELF_DESTROYER.: yellow is awesome
(38:41 / All) ThugMaSteR: ranked 40 in 1s on west
(38:42 / All) ELF_DESTROYER.: u suck
(38:45 / All) ThugMaSteR: but im noob?
(38:47 / All) TheGoddamBatman: On west lol!
(38:50 / All) TheGoddamBatman: wow!
(38:54 / All) ThugMaSteR: ?
(38:57 / All) TheGoddamBatman: That's like winning gold at the special olympics
(38:58 / All) TheGoddamBatman: Congrats
(39:01 / All) ThugMaSteR: bettr than this server
(39:03 / All) TheGoddamBatman: LOL
(39:07 / All) ThugMaSteR: and im all legit
(39:07 / Allies) TeamPlayer: yello give oj some gold
(39:11 / All) TheGoddamBatman: USWest is all retards
(39:19 / All) ThugMaSteR: clearly yellow
(39:20 / All) ThugMaSteR: u suck
(39:28 / All) ThugMaSteR: took u like 30 min to get hawks
(39:28 / All) TheGoddamBatman: Sure after game go to channel "Thugmaster is a dumb nigger"
(39:33 / All) ThugMaSteR: after i told u too
(39:35 / All) ThugMaSteR: nub shit
(39:54 / All) TheGoddamBatman: I'm alt tabbing
(40:43 / Allies) TeamPlayer: yello give oj gold
(40:50 / All) ELF_DESTROYER.: god damn ur amazing green
(40:58 / All) ThugMaSteR: rofl
(41:00 / All) ELF_DESTROYER.: unfortunately u had red as an ally
(41:12 / All) ELF_DESTROYER.: allies like red'll give u losses
(41:59 / Allies) TeamPlayer: yello
(42:03 / Allies) ThugMaSteR: move
(42:04 / Allies) ThugMaSteR: cunt
(44:17 / Allies) ThugMaSteR: fuck u yellow
(44:19 / Allies) ThugMaSteR: tker
(44:22 / Allies) TheGoddamBatman: Carry me
(44:28 / All) ThugMaSteR: leav asshole
(44:30 / Allies) TeamPlayer: red plz leave
(44:33 / Allies) TheGoddamBatman: Nah carry me to victory
(44:35 / All) ELF_DESTROYER.: i think not
(44:41 / All) ThugMaSteR: leav cunt
(44:50 / Allies) TheGoddamBatman: Carry me to victory or leave
(45:01 / Allies) ThugMaSteR: fuck u asshole
(45:08 / Allies) ThugMaSteR: im staying
(45:13 / Allies) ThugMaSteR: u gtfo
(46:19 / Allies) TeamPlayer: yello may i have some gold
(47:11 / Allies) TeamPlayer: dude u got 31 k
(47:23 / Allies) TheGoddamBatman: Fine, since I'm feeling generous here:
(47:46 / Allies) TeamPlayer: red i cud have ended him with tanks if u didnt fuk up
(48:00 / Allies) ThugMaSteR: no
(48:03 / Allies) ThugMaSteR: yellow tk
(48:05 / Allies) ThugMaSteR: thats why
(48:13 / Allies) ThugMaSteR: he fucked wit oj
(48:14 / Allies) TeamPlayer: utk fuk head
(48:18 / Allies) ThugMaSteR: wasnt me
(48:21 / Allies) TeamPlayer: it was u
(48:25 / Allies) ThugMaSteR: nope
(48:40 / Allies) ThugMaSteR: i was makn hawks
(49:11 / All) ELF_DESTROYER.: i doubt you are a thug red
(49:14 / Allies) ThugMaSteR: hawks get right thru those towers
(49:17 / All) ELF_DESTROYER.: i recog you're a scared littel boy inside
(49:29 / Allies) ThugMaSteR: this game shouldve been over
(49:32 / Allies) ThugMaSteR: long ago
(50:24 / All) ELF_DESTROYER.: that movie was memorable
(50:26 / All) ELF_DESTROYER.: flesh and blood
(50:35 / Allies) ThugMaSteR: go
(50:38 / Allies) ThugMaSteR: finish him
(50:42 / Allies) ThugMaSteR: he has no gold left
(50:54 / Allies) TheGoddamBatman: Leave and I will
(51:07 / Allies) ThugMaSteR: i dont need u yellow
(51:12 / Allies) ThugMaSteR: green can take him
(51:20 / Allies) TheGoddamBatman: K
(51:32 / All) TheGoddamBatman: I'm waiting till red leaves before I end this
(51:37 / Allies) ThugMaSteR: i stun his bm
(51:40 / All) TheGoddamBatman: I don't associate wtih thugs
(51:52 / Allies) ThugMaSteR: just target his bm
(51:56 / Allies) ThugMaSteR: he will leav after
(51:59 / Allies) ThugMaSteR: its dead
(53:28 / All) ELF_DESTROYER.: time for me to get serious
(54:24 / All) ThugMaSteR: rofl
(54:27 / All) ThugMaSteR: gtfo
(55:05 / Allies) TeamPlayer: yello i need gold to defend meself
(55:31 / All) ELF_DESTROYER.: that zmap
(56:44 / Allies) TheGoddamBatman: I think you should leave, red
(59:56 / All) ELF_DESTROYER.: not too shabby red
(60:19 / All) ELF_DESTROYER.: u are officially the worst player ever, red
(60:22 / All) ELF_DESTROYER.: and yellow is a beast
(60:27 / All) ThugMaSteR: sure pussy
(61:07 / All) ThugMaSteR: nub
(61:15 / All) ELF_DESTROYER.: u were saying?
(61:18 / All) TheGoddamBatman: Should have TPed dummy lol!
(61:26 / All) ThugMaSteR: what an asshole
(61:30 / All) TeamPlayer: red is fukin stupin
(61:31 / All) ThugMaSteR: he hex me tard
(61:34 / All) ELF_DESTROYER.: red i have made u look bad in every possible way
(61:35 / All) ThugMaSteR: how do i tp?
(61:43 / All) ThugMaSteR: fuckn 2 idiots
(61:43 / All) ELF_DESTROYER.: even green says ur stupid red LOL
(61:45 / All) TeamPlayer: purp is right
(61:46 / All) TheGoddamBatman: instead of hiding dummy
(61:49 / All) TheGoddamBatman: he revealed you
(61:55 / All) TheGoddamBatman: and hexed you so you couldn't TP
(61:57 / All) ELF_DESTROYER.: red is not only a noob but hacks as well
(61:59 / All) TheGoddamBatman: you should have TPed before
(62:01 / All) ThugMaSteR: no shit cunt
(62:02 / All) TeamPlayer: no wonder thugs die young
(62:11 / All) TeamPlayer: too fukin stupid to live
(62:12 / All) ThugMaSteR: dumbass nubs
(62:16 / All) ThugMaSteR: 2 hero vs 1
(62:21 / All) ELF_DESTROYER.: we're giving advice to a noob that can't beat the campaign on easy
(62:23 / All) ELF_DESTROYER.: gotta love bnet
(62:25 / All) TeamPlayer: stfu noob
(62:26 / All) ThugMaSteR: ?
(62:31 / All) ThugMaSteR: so fuckn stupid
(62:33 / Allies) TheGoddamBatman: Just leave red so I can win already
(62:37 / All) ThugMaSteR: im the best here
(62:44 / All) ThugMaSteR: my record and stats say all
(62:46 / All) ELF_DESTROYER.: green is literally 10x the player u are, red
(62:47 / All) TheGoddamBatman: Yeah I'm sure your mother agrees too
(62:49 / All) ThugMaSteR: i dont need to prove shit
(62:49 / All) ELF_DESTROYER.: ten times
(62:50 / All) TheGoddamBatman: But no one else does
(62:56 / All) ThugMaSteR: cry now nubs
(63:44 / All) ELF_DESTROYER.: i feel bad for red kinda
(64:04 / All) TeamPlayer: nope he too fukin stupid
(64:07 / All) TheGoddamBatman: It's not his fault he was a born a mongoloid
(64:07 / All) ELF_DESTROYER.: he plays warcraft 3 hours upon hours and still is really really bad
(64:25 / All) TeamPlayer: hey thug
(64:27 / All) ELF_DESTROYER.: wut does ur mother think of u, red
(64:34 / All) TeamPlayer: go get shot and die
(64:39 / All) ELF_DESTROYER.: LOL
(65:54 / All) ELF_DESTROYER.: whoever was controlling orange's tanks was a complete moron
(65:59 / All) ELF_DESTROYER.: they didnt do shit vs me
(66:07 / All) ELF_DESTROYER.: red, was that u?
(66:09 / Allies) TeamPlayer: red fujed wit em
(66:16 / All) ThugMaSteR: that was green
(66:19 / All) ThugMaSteR: massing tanks
(66:20 / All) TheGoddamBatman: It was probably red
(66:21 / Allies) TeamPlayer: i didnt even move em
(66:21 / All) ThugMaSteR: rofl
(66:25 / All) ThugMaSteR: total nub
(66:31 / Allies) TeamPlayer: i made em
(66:37 / All) ThugMaSteR: afk now pussies
(66:38 / All) TeamPlayer: i made em he moved them
(66:47 / All) TheGoddamBatman: green made tehm but red commandeers them
(66:51 / All) TheGoddamBatman: commandeered
(67:01 / All) TeamPlayer: and killed them
(67:33 / All) TheGoddamBatman: C'mon red leave already
(67:34 / All) TheGoddamBatman: be a sport
(67:42 / All) TheGoddamBatman: You're not getting a win from my sweat
(68:02 / All) TeamPlayer: red u need to drink bleach and die
(68:15 / All) TeamPlayer: 10y o game and u still suk
(76:50 / All) ELF_DESTROYER.: cant believe i won this
(77:53 / All) ELF_DESTROYER.: lol
(78:01 / All) TheGoddamBatman: Gonna leave, red?
(78:02 / All) ELF_DESTROYER.: yellow proved once again he is a pro
(78:24 / All) TheGoddamBatman: Sorry green
(78:32 / Allies) TeamPlayer: np
(78:35 / All) TheGoddamBatman: Red's not getting a win from me
(78:42 / Allies) TeamPlayer: just finisjh
(79:59 / Allies) TeamPlayer: yello u tking?
(80:12 / All) TheGoddamBatman: Red's not winning, and he won't leave so I have to
(80:42 / Allies) TeamPlayer: u throwin d match yello?
(80:48 / All) TheGoddamBatman: Yes unless red leaves
(81:58 / All) TeamPlayer: people like red completely fuk up my stats
(82:03 / All) TeamPlayer: gg purp
(82:09 / All) ELF_DESTROYER.: GG
(82:15 / All) ELF_DESTROYER.: u did well green
(82:19 / All) TeamPlayer: even though u are a map hacking punk
(82:27 / All) TeamPlayer: ty
(82:36 / All) ELF_DESTROYER.: unfortunately red ruined this game
(82:42 / All) TeamPlayer: he did
(82:44 / All) ELF_DESTROYER.: we always get players like him in 4v4
(84:14 / All) ELF_DESTROYER.: zmap initiated
(84:30 / All) TeamPlayer: gg elf
(84:33 / All) TheGoddamBatman: This is your final chance to leave red
(84:36 / All) ELF_DESTROYER.: red u suck
(84:39 / All) ThugMaSteR: zmapper
(84:40 / All) ELF_DESTROYER.: dumb noob
(84:43 / All) TheGoddamBatman: You have one minute before you get a loss on your record
(84:46 / All) ThugMaSteR: i saw ur detection earlier
(84:47 / All) ELF_DESTROYER.: u have no proof i hack
(84:48 / All) ELF_DESTROYER.: red
(84:50 / All) ELF_DESTROYER.: absolutely none
(84:55 / All) ThugMaSteR: i have detetctor dbag
(84:58 / All) ELF_DESTROYER.: when i use dust or reveal it is all skill
(85:00 / All) ThugMaSteR: great for 1s
(85:10 / All) ThugMaSteR: vs pussies like u that need to cheat
(85:18 / All) TeamPlayer: red i hope u die
(85:23 / All) ThugMaSteR: fuck u
(85:24 / All) ELF_DESTROYER.: noboyd likes u red lol
(85:25 / All) TeamPlayer: and die horrible
(85:28 / All) ELF_DESTROYER.: it is 1v3
(85:31 / All) ThugMaSteR: i could care less about a win
(85:33 / All) ELF_DESTROYER.: ur the village idiot
(85:39 / All) ThugMaSteR: i get them in my sleep nubs
(85:45 / All) TeamPlayer: the worl idiot
(85:46 / All) ELF_DESTROYER.: yellow is the mayor, green is the town elder, and I am the guard
(85:46 / All) TheGoddamBatman: Worthless thug got popped
(85:50 / All) ELF_DESTROYER.: red is the village idiot
(86:01 / All) TheGoddamBatman: GG you dumb thug faggot